TOP OF THE 1ST |
Los Cabos Cartel batting - Pitching for New York Knights : RHP Elton Johnston
|
Pitching: RHP Elton Johnston
|
|
Batting: RHB Fernando Martínez
|
0-0: Ball 1-0: Foul Ball, location: 2F 1-1: SINGLE (Groundball, 56D)
|
Batting: RHB Stephen Wilson
|
0-0: Called Strike 0-1: Ball 1-1: Called Strike Fernando Martínez steals 2nd base 1-2: Ball 2-2: Foul Ball, location: 2F 2-2: Fly out, F9 (Line Drive, 9)
|
Batting: SHB Julián Madrid
|
0-0: Ball 1-0: Foul Ball, location: 2F 1-1: Called Strike 1-2: Foul Ball, location: 2F 1-2: Ball 2-2: Foul Ball, location: 2F 2-2: Foul Ball, location: 2F 2-2: Foul Ball, location: 2F 2-2: Hit by Pitch
|
Batting: RHB Edward Young
|
0-0: Called Strike 0-1: Swinging Strike 0-2: Strikes out swinging
|
Batting: LHB Willie Wallace
|
0-0: SINGLE (Groundball, 4) (infield hit) Fernando Martínez to third Julián Madrid to second
|
Batting: LHB Tom Waller
|
0-0: Called Strike 0-1: Foul Ball, location: 2F 0-2: Strikes out swinging
|
Top of the 1st over - 0 run(s), 2 hit(s), 0 error(s), 3 left on base; Los Cabos 0 - New York 0 |
BOTTOM OF THE 1ST |
New York Knights batting - Pitching for Los Cabos Cartel : RHP Jing-xiang Fa
|
Pitching: RHP Jing-xiang Fa
|
|
Batting: LHB Marcos Pérez
|
0-0: Ball 1-0: Ball 2-0: Called Strike 2-1: Swinging Strike 2-2: Strikes out swinging
|
Batting: RHB Richard Coker
|
0-0: Called Strike 0-1: Swinging Strike 0-2: Strikes out looking
|
Batting: LHB Warren Potter
|
0-0: Called Strike 0-1: Swinging Strike 0-2: Fly out, F8 (Line Drive, 8RD)
|
Bottom of the 1st over - 0 run(s), 0 hit(s), 0 error(s), 0 left on base; Los Cabos 0 - New York 0 |
TOP OF THE 2ND |
Los Cabos Cartel batting - Pitching for New York Knights : RHP Elton Johnston
|
Batting: SHB Javier Villegas
|
0-0: Swinging Strike 0-1: Swinging Strike 0-2: Ball 1-2: Strikes out looking
|
Batting: LHB Pablo Reyes
|
0-0: Called Strike 0-1: Ball 1-1: Ball 2-1: Swinging Strike 2-2: Strikes out swinging
|
Batting: RHB Vern Carlton
|
0-0: Ball 1-0: DOUBLE (Line Drive, 7LM)
|
Batting: RHB Fernando Martínez
|
0-0: Ball 1-0: Ball 2-0: Fly out, F7 (Flyball, 7S)
|
Top of the 2nd over - 0 run(s), 1 hit(s), 0 error(s), 1 left on base; Los Cabos 0 - New York 0 |
BOTTOM OF THE 2ND |
New York Knights batting - Pitching for Los Cabos Cartel : RHP Jing-xiang Fa
|
Batting: SHB Marvin Harris
|
0-0: DOUBLE (Line Drive, 9D)
|
Batting: RHB Lonnie Anderson
|
0-0: Ball 1-0: SINGLE (Groundball, 56S) (infield hit) Marvin Harris to third
|
Batting: LHB Tom Blake
|
0-0: Ball Lonnie Anderson is caught stealing 2nd base 1-0: Ball 2-0: Swinging Strike 2-1: Foul Ball, location: 2F 2-2: Foul Ball, location: 2F 2-2: Ball 3-2: Fly out, F8 (Flyball, 8RS)
|
Batting: RHB Pepe Carrasco
|
0-0: Foul Ball, location: 2F 0-1: Foul Ball, location: 2F 0-2: Ball 1-2: Ball 2-2: Fly out, F9 (Flyball, 9LM)
|
Bottom of the 2nd over - 0 run(s), 2 hit(s), 0 error(s), 1 left on base; Los Cabos 0 - New York 0 |
TOP OF THE 3RD |
Los Cabos Cartel batting - Pitching for New York Knights : RHP Elton Johnston
|
Batting: RHB Stephen Wilson
|
0-0: Ball 1-0: Ball 2-0: Ball 3-0: Base on Balls
|
Batting: SHB Julián Madrid
|
0-0: Foul Ball, location: 2F 0-1: Ball 1-1: Foul Ball, location: 2F 1-2: Fly out, F8 (Line Drive, 8LM)
|
Batting: RHB Edward Young
|
0-0: Grounds into double play, 6-4-3 (Groundball, 6)
|
Top of the 3rd over - 0 run(s), 0 hit(s), 0 error(s), 0 left on base; Los Cabos 0 - New York 0 |
BOTTOM OF THE 3RD |
New York Knights batting - Pitching for Los Cabos Cartel : RHP Jing-xiang Fa
|
Batting: LHB Nicholas Alston
|
0-0: Called Strike 0-1: Ball 1-1: SINGLE (Line Drive, 6D)
|
Batting: RHB Yasuhiko Sumita
|
0-0: Ball 1-0: Grounds into double play, 5-4-3 (Groundball, 5)
|
Batting: LHB Marcos Pérez
|
0-0: Ball 1-0: SINGLE (Flyball, 9S)
|
Batting: RHB Richard Coker
|
0-0: SINGLE (Line Drive, 89S) Marcos Pérez to second
|
Batting: LHB Warren Potter
|
0-0: Ball 1-0: SINGLE (Line Drive, 9S) Marcos Pérez to third Richard Coker to second Runner from 3rd tries for Home, SAFE, no throw
|
Batting: SHB Marvin Harris
|
0-0: Called Strike 0-1: Ball 1-1: Called Strike 1-2: Fly out, F8 (Flyball, 8RD)
|
Bottom of the 3rd over - 1 run(s), 4 hit(s), 0 error(s), 2 left on base; Los Cabos 0 - New York 1 |
TOP OF THE 4TH |
Los Cabos Cartel batting - Pitching for New York Knights : RHP Elton Johnston
|
Batting: LHB Willie Wallace
|
0-0: Swinging Strike 0-1: Fly out, F7 (Flyball, 7S)
|
Batting: LHB Tom Waller
|
0-0: Called Strike 0-1: Swinging Strike 0-2: Foul Ball, location: 2F 0-2: Ground out U3 (Groundball, 3S)
|
Batting: SHB Javier Villegas
|
0-0: Ball 1-0: Ball 2-0: Ball 3-0: Called Strike 3-1: Base on Balls
|
Batting: LHB Pablo Reyes
|
0-0: Ball 1-0: Ball 2-0: Ground out 6-3 (Groundball, 6S)
|
Top of the 4th over - 0 run(s), 0 hit(s), 0 error(s), 1 left on base; Los Cabos 0 - New York 1 |
BOTTOM OF THE 4TH |
New York Knights batting - Pitching for Los Cabos Cartel : RHP Jing-xiang Fa
|
Batting: RHB Lonnie Anderson
|
0-0: Called Strike 0-1: Ball 1-1: SINGLE (Groundball, 34D)
|
Batting: LHB Tom Blake
|
0-0: Ball 1-0: Ball 2-0: Ball 3-0: Base on Balls Lonnie Anderson to second
|
Batting: RHB Pepe Carrasco
|
0-0: Ball 1-0: Ball 2-0: SINGLE (Flyball, 4MD) Lonnie Anderson to third Tom Blake to second Runner from 3rd tries for Home, SAFE, no throw
|
Batting: LHB Nicholas Alston
|
0-0: Swinging Strike 0-1: Ball 1-1: Foul Ball, location: 2F 1-2: Foul Ball, location: 2F 1-2: Strikes out swinging
|
Batting: RHB Yasuhiko Sumita
|
0-0: Ball 1-0: Foul Ball, location: 2F 1-1: Grounds into double play, 3-6-3 (Groundball, 34)
|
Bottom of the 4th over - 1 run(s), 2 hit(s), 0 error(s), 1 left on base; Los Cabos 0 - New York 2 |
TOP OF THE 5TH |
Los Cabos Cartel batting - Pitching for New York Knights : RHP Elton Johnston
|
Batting: RHB Vern Carlton
|
0-0: Called Strike 0-1: Ball 1-1: Foul Ball, location: 2F 1-2: Strikes out looking
|
Batting: RHB Fernando Martínez
|
0-0: Ball 1-0: Swinging Strike 1-1: Fly out, F8 (Flyball, 8LD)
|
Batting: RHB Stephen Wilson
|
0-0: Ball 1-0: SINGLE (Flyball, 7S)
|
Batting: SHB Julián Madrid
|
0-0: Called Strike 0-1: Ground out 6-3 (Groundball, 6MS)
|
Top of the 5th over - 0 run(s), 1 hit(s), 0 error(s), 1 left on base; Los Cabos 0 - New York 2 |
BOTTOM OF THE 5TH |
New York Knights batting - Pitching for Los Cabos Cartel : RHP Jing-xiang Fa
|
Batting: LHB Marcos Pérez
|
0-0: Foul Ball, location: 2F 0-1: Ball 1-1: Ground out 3-1 (Groundball, 34)
|
Batting: RHB Richard Coker
|
0-0: Swinging Strike 0-1: Ball 1-1: Called Strike 1-2: Foul Ball, location: 2F 1-2: Ball 2-2: Ground out 4-3 (Groundball, 4)
|
Batting: LHB Warren Potter
|
0-0: Foul Ball, location: 2F 0-1: Ball 1-1: Called Strike 1-2: Foul Ball, location: 2F 1-2: Fly out, F6 (Popup, 56D)
|
Bottom of the 5th over - 0 run(s), 0 hit(s), 0 error(s), 0 left on base; Los Cabos 0 - New York 2 |
TOP OF THE 6TH |
Los Cabos Cartel batting - Pitching for New York Knights : RHP Elton Johnston
|
Batting: RHB Edward Young
|
0-0: Ball 1-0: SINGLE (Groundball, 56D)
|
Batting: LHB Willie Wallace
|
0-0: Ball 1-0: Called Strike 1-1: Called Strike 1-2: Ball 2-2: Strikes out swinging
|
Pitching: RHP James Jones
|
|
Batting: LHB Tom Waller
|
0-0: Called Strike 0-1: Foul Ball, location: 2F 0-2: Strikes out swinging
|
Batting: SHB Javier Villegas
|
0-0: Fly out, F4 (Popup, 3)
|
Top of the 6th over - 0 run(s), 1 hit(s), 0 error(s), 1 left on base; Los Cabos 0 - New York 2 |
BOTTOM OF THE 6TH |
New York Knights batting - Pitching for Los Cabos Cartel : RHP Jing-xiang Fa
|
Batting: SHB Marvin Harris
|
0-0: Ball 1-0: Ball 2-0: Ball 3-0: Called Strike 3-1: Fly out, F8 (Flyball, 78D)
|
Batting: RHB Lonnie Anderson
|
0-0: Ball 1-0: Called Strike 1-1: Foul Ball, location: 2F 1-2: Foul Ball, location: 2F 1-2: Ball 2-2: Foul Ball, location: 2F 2-2: Ball 3-2: Ground out 5-3 (Groundball, 5S)
|
Batting: LHB Tom Blake
|
0-0: Ball 1-0: Foul Ball, location: 2F 1-1: SINGLE (Flyball, 7LS)
|
Batting: RHB Pepe Carrasco
|
0-0: Ball 1-0: Ball 2-0: Called Strike 2-1: Ball 3-1: Foul Ball, location: 2F 3-2: Foul Ball, location: 2F 3-2: Strikes out swinging
|
Bottom of the 6th over - 0 run(s), 1 hit(s), 0 error(s), 1 left on base; Los Cabos 0 - New York 2 |
TOP OF THE 7TH |
Los Cabos Cartel batting - Pitching for New York Knights : RHP James Jones
|
Batting: LHB Pablo Reyes
|
0-0: Foul Ball, location: 2F 0-1: Ball 1-1: Called Strike 1-2: SINGLE (Flyball, 7S)
|
Batting: RHB Vern Carlton
|
0-0: Ball 1-0: Called Strike 1-1: Called Strike 1-2: Ball 2-2: Ball 3-2: Foul Ball, location: 2F 3-2: SINGLE (Groundball, 34D) Pablo Reyes to second Pablo Reyes to third
|
Pinch Hitting: LHB Stanley Mullins
|
0-0: Called Strike 0-1: Ball 1-1: Ball 2-1: Called Strike 2-2: 3-RUN HOME RUN (Flyball, 89XD), Distance : 418 ft
|
Pitching: RHP Juan Velázquez
|
|
Batting: RHB Stephen Wilson
|
0-0: Swinging Strike 0-1: Ball 1-1: Foul Ball, location: 2F 1-2: Ground out 5-3 (Groundball, 56)
|
Batting: SHB Julián Madrid
|
0-0: Ball 1-0: Ball 2-0: Called Strike 2-1: Ball 3-1: Fly out, F8 (Flyball, 8RXD)
|
Batting: RHB Edward Young
|
0-0: Ball 1-0: Ball 2-0: Ball 3-0: Base on Balls
|
Pitching: LHP Leo Huggins
|
|
Batting: LHB Willie Wallace
|
0-0: Swinging Strike 0-1: Swinging Strike 0-2: Ball 1-2: Ball 2-2: Ball 3-2: Strikes out swinging
|
Top of the 7th over - 3 run(s), 3 hit(s), 0 error(s), 1 left on base; Los Cabos 3 - New York 2 |
BOTTOM OF THE 7TH |
New York Knights batting - Pitching for Los Cabos Cartel : RHP Jing-xiang Fa
|
Now in LF: Stanley Mullins
|
|
Batting: LHB Nicholas Alston
|
0-0: Called Strike 0-1: Ball 1-1: Ball 2-1: Swinging Strike 2-2: Strikes out looking
|
Batting: RHB Yasuhiko Sumita
|
0-0: Called Strike 0-1: Foul Ball, location: 2F 0-2: SINGLE (Groundball, 6MD)
|
Batting: LHB Marcos Pérez
|
0-0: Called Strike 0-1: SINGLE (Groundball, 3D) Yasuhiko Sumita to second Runner from 2nd tries for 3rd, SAFE, throw made to third Marcos Pérez to second
|
Pitching: RHP Ángel Lara
|
|
Batting: RHB Richard Coker
|
0-0: Called Strike 0-1: SINGLE (Groundball, 34D) Yasuhiko Sumita scores Marcos Pérez to third Runner from 3rd tries for Home, SAFE, no throw
|
Batting: LHB Warren Potter
|
0-0: SINGLE (Groundball, 34) (infield hit) Richard Coker to second
|
Batting: SHB Marvin Harris
|
0-0: Ball 1-0: Ball 2-0: Fly out, F7 (Flyball, 78D)
|
Batting: RHB Lonnie Anderson
|
0-0: Fly out, F8 (Flyball, 8RM)
|
Bottom of the 7th over - 2 run(s), 4 hit(s), 0 error(s), 2 left on base; Los Cabos 3 - New York 4 |
TOP OF THE 8TH |
Los Cabos Cartel batting - Pitching for New York Knights : LHP Leo Huggins
|
Pitching: RHP Jim Nelson
|
|
Batting: LHB Tom Waller
|
0-0: Ground out U3 (Groundball, 34S)
|
Batting: SHB Javier Villegas
|
0-0: Called Strike 0-1: Ball 1-1: Foul Ball, location: 2F 1-2: Ball 2-2: Ball 3-2: Foul Ball, location: 2F 3-2: Strikes out swinging
|
Batting: LHB Pablo Reyes
|
0-0: Called Strike 0-1: Fly out, F7 (Flyball, 78M)
|
Top of the 8th over - 0 run(s), 0 hit(s), 0 error(s), 0 left on base; Los Cabos 3 - New York 4 |
BOTTOM OF THE 8TH |
New York Knights batting - Pitching for Los Cabos Cartel : RHP Ángel Lara
|
Batting: LHB Tom Blake
|
0-0: Swinging Strike 0-1: Foul Ball, location: 2F 0-2: Ball 1-2: Ball 2-2: SINGLE (Flyball, 89S)
|
Batting: RHB Pepe Carrasco
|
0-0: Ball 1-0: Ball 2-0: SINGLE (Groundball, 6MD) Tom Blake to second
|
Batting: LHB Nicholas Alston
|
0-0: Called Strike 0-1: Foul Ball, location: 2F 0-2: Ball 1-2: Strikes out swinging
|
Batting: RHB Yasuhiko Sumita
|
0-0: Foul Ball, location: 2F 0-1: Ball 1-1: Fly out, F8 (Flyball, 8RS)
|
Batting: LHB Marcos Pérez
|
0-0: Ball 1-0: Ground out 4-3 (Groundball, 34)
|
Bottom of the 8th over - 0 run(s), 2 hit(s), 0 error(s), 2 left on base; Los Cabos 3 - New York 4 |
TOP OF THE 9TH |
Los Cabos Cartel batting - Pitching for New York Knights : RHP Jim Nelson
|
Pitching: LHP Juan Ortíz
|
|
Pinch Hitting: RHB Jesús Hernández
|
0-0: Called Strike 0-1: SINGLE (Line Drive, 89S)
|
Batting: LHB Stanley Mullins
|
0-0: Bunted foul 0-1: Bunt missed! 0-2: Grounds into double play, 6-4-3 (Groundball, 6)
|
Batting: RHB Stephen Wilson
|
0-0: Called Strike 0-1: Ball 1-1: Ball 2-1: Ball 3-1: Base on Balls
|
Batting: SHB Julián Madrid
|
0-0: Called Strike 0-1: Ball 1-1: Ball 2-1: Called Strike 2-2: Fielders Choice at 2nd, 5-4 (Groundball, 56)
|
Top of the 9th over - 0 run(s), 1 hit(s), 0 error(s), 0 left on base; Los Cabos 3 - New York 4 |
|